 Dungeon Crawl Stone Soup version 0.21-a0-504-g2eda330 (webtiles) character file.

5 Gorice the Covered (level 1, 0/17 HPs)
             Began as a Demonspawn Wanderer on Nov 25, 2017.
             Slain by a goblin (2 damage)
             ... on level 1 of the Dungeon.
             The game lasted 00:00:50 (58 turns).

Gorice the Covered (Demonspawn Wanderer)              Turns: 58, Time: 00:00:51

Health: 0/17       AC:  2    Str: 13    XL:     1   Next: 66%
Magic:  3/3        EV: 11    Int: 12    God:
Gold:   0          SH:  0    Dex: 12    Spells: 4/4 levels left

rFire    . . .     SeeInvis .   a - +2 dagger
rCold    . . .     Gourm    .   (no shield)
rNeg     . . .     Faith    .   e - +0 robe
rPois    .         Spirit   .   (no helmet)
rElec    .         Reflect  .   (no cloak)
rCorr    .         Harm     .   (no gloves)
MR       .....                  (no boots)
Stlth    ++........             (no amulet)
HPRegen  0.05/turn              (no ring)
MPRegen  0.08/turn              (no ring)

@: no status effects
A: no striking features
a: no special abilities


You were on level 1 of the Dungeon.
You were not hungry.

You visited 1 branch of the dungeon, and saw 1 of its levels.

Inventory:

Hand Weapons
 a - a +2 dagger (weapon)
 d - a +0 spear
Armour
 e - a +0 robe (worn)
Scrolls
 b - a scroll of fear {!r}
Potions
 h - a potion of degeneration {unknown}
Books
 c - Ythrutolo's Volume of Unholy Arts

   Spells                             Type                      Level
   a - Animate Skeleton               Necromancy                   1
   b - Vampiric Draining              Necromancy                   3
Comestibles
 f - a bread ration {!e}
 g - 2 chunks of flesh


   Skills:
 + Level 2.5 Fighting
 - Level 2.6 Armour
 - Level 1.0 Stealth
   Level 1.0 Shields
 - Level 2.0 Spellcasting
   Level 1.0 Hexes


You had 4 spell levels left.
You didn't know any spells.

Dungeon Overview and Level Annotations

Branches:
Dungeon (1/15)

Altars:


Message History

The kobold shouts!
You hit the dart slug.
The dart slug is moderately wounded.
The dart slug barely misses you.
You hit the dart slug.
The dart slug is heavily wounded.
The kobold closely misses you.
You hit the dart slug but do no damage.
The dart slug is heavily wounded.
The dart slug closely misses you. The kobold closely misses you.
You hit the dart slug but do no damage.
The dart slug is heavily wounded.
The dart slug bites you. The kobold hits you but does no damage.
Damage: 2 (max 2)
You hit the dart slug.
You kill the dart slug!
The kobold hits you.
You barely miss the kobold. The goblin misses you. The kobold hits you.
Damage: 1 (max 2)
You hit the kobold but do no damage. The goblin hits you. The kobold hits you.
Damage: 4 (max 4)
You barely miss the kobold. The goblin barely misses you.
The kobold closely misses you.
You miss the kobold. The goblin hits you.
* * * LOW HITPOINT WARNING * * *
The kobold barely misses you.
Damage: 3 (max 4)
You are too injured to fight recklessly!
You are too injured to fight recklessly!
You are too injured to fight recklessly!
You are too injured to fight recklessly!
You are too injured to fight recklessly!
You are too injured to fight recklessly!
You are too injured to fight recklessly!
You are too injured to fight recklessly!
You are too injured to fight recklessly!
You hit the goblin.
The goblin is heavily wounded.
The goblin hits you.
* * * LOW HITPOINT WARNING * * *
Damage: 1 (max 4)
You closely miss the goblin.
The goblin is heavily wounded.
The goblin hits you.
* * * LOW HITPOINT WARNING * * *
Damage: 3 (max 4)
You barely miss the goblin.
The goblin is heavily wounded.
The goblin hits you.
You die...

#.......#.++'+++.
#.#####..).......
#.# #.....)....
#.# #..........
##.## #..........
#...# #.....#...#
#.#.# ###########
#...# #@### #g#
#K†.....#
.....##.# ##.##.#
#.. ... #.# ##.
#.. # ...


You could see a goblin and a kobold.

Vanquished Creatures
  A dart slug (D:1)
  A goblin (D:1)
  A kobold (D:1)
3 creatures vanquished.

Notes
Turn   | Place    | Note
-------+----------+-------------------------------------------
     0 | D:1      | Gorice the Demonspawn Wanderer began the quest for the Orb.
     0 | D:1      | Gorice set off with: a +2 dagger, a scroll of fear {!r}, Ythrutolo's Volume of Unholy Arts, a +0 spear, a +0 robe, a bread ration {!e}
     0 | D:1      | Reached XP level 1. HP: 16/16 MP: 3/3
     0 | D:1      | Identified Ythrutolo's Volume of Unholy Arts
    56 | D:1      | HP: 5/17 [goblin (1)]
    57 | D:1      | HP: 2/17 [goblin (3)]
    58 | D:1      | Slain by a goblin

Vault maps used:
D:1:      lightli_arrival_maybe_door_vault

Action                   || total
-------------------------++-------
Melee: Dagger            ||    15
Armor: Robe              ||     1
Dodge: Dodged            ||     9

Table legend:
 A = Spawn XP
 B = Non-spawn XP
 C = Spawn XP percentage of total XP
 D = Spawn monster count
 E = Non-spawn monster count
 F = Spawn count percentage of total count
 G = Total turns spent on level
                    A         B        C        D         E        F      G
               +---------+---------+-------+---------+---------+-------+---------
         Total |       0 |       8 |   0.0 |       0 |       3 |   0.0 |    58
               +---------+---------+-------+---------+---------+-------+---------
           D:1 |       0 |       8 |   0.0 |       0 |       3 |   0.0 |    58
               +---------+---------+-------+---------+---------+-------+---------

Table legend:
 A = Turns spent in this place as a percentage of turns spent in the entire game.
 B = Non-inter-level travel turns spent in this place as a percentage of non-inter-level travel turns spent in the entire game.
 C = Inter-level travel turns spent in this place as a percentage of turns spent in this place.
 D = Turns resting spent in this place as a percentage of non-inter-level travel turns spent in this place.
 E = Turns spent auto-exploring this place as a percentage of non-inter-level travel turns spent in this place.
 F = Non-inter-level travel turns spent in this place divided by the number of levels of this place that you've seen.
                   A       B       C       D       E      F
               +-------+-------+-------+-------+-------+----------------------
         Total | 100.0 | 100.0 |   0.0 |   0.0 |  39.7 |  58.0
       Dungeon | 100.0 | 100.0 |   0.0 |   0.0 |  39.7 |  58.0
               +-------+-------+-------+-------+-------+----------------------

Vault maps used:
D:1:      lightli_arrival_maybe_door_vault
